 Dungeon Crawl Stone Soup version 0.20.1-1-g8b1a95d (webtiles) character file.

955 MovingMist the Skirmisher (level 8, -6/50 HPs)
             Began as a Gargoyle Fighter on Nov 18, 2017.
             Mangled by an ogre
             ... wielding a +0 giant club
              (10 damage)
             ... on level 5 of the Dungeon.
             The game lasted 00:10:09 (3156 turns).

MovingMist the Skirmisher (Gargoyle Fighter)        Turns: 3156, Time: 00:10:10

Health: -6/50      AC: 20    Str: 20    XL:     8   Next: 14%
Magic:  8/8        EV:  5    Int:  9    God:
Gold:   283        SH:  9    Dex: 11    Spells: 3/7 levels left

rFire    x . .     SeeInvis .   a - +0 flail
rCold    + . .     Gourm    .   c - +0 shield
rNeg     + . .     Faith    .   w - +0 plate armour
rPois    ∞         Spirit   .   (no helmet)
rElec    +         Reflect  .   A - +0 cloak
rCorr    .         Harm     .   e - +0 pair of gloves
MR       .....                  (no boots)
Stlth    ..........             (no amulet)
Regen    0.2/turn               z - ring of ice
MPRegen  0.2/turn               (no ring)

@: no status effects
A: negative energy resistance 1, electricity resistance, unbreathing,
petrification resistance, rot immunity, AC +5
a: no special abilities


You were on level 5 of the Dungeon.
You were not hungry.

You visited 1 branch of the dungeon, and saw 5 of its levels.

You collected 283 gold pieces.

Inventory:

Hand Weapons
 a - a +0 flail (weapon)
Armour
 c - a +0 shield (worn)
 e - a +0 pair of gloves (worn)
 w - a +0 plate armour (worn)
 A - a +0 cloak (worn)
Jewellery
 z - a ring of ice (left hand)
Wands
 g - a wand of polymorph (8/24)
Scrolls
 b - a scroll of magic mapping {unknown}
 j - a scroll of immolation {unknown}
 p - a scroll of remove curse {unknown}
 u - a scroll of recharging {unknown}
 v - 3 scrolls of blinking {unknown}
 x - a scroll of random uselessness {unknown}
 y - 3 scrolls of teleportation {unknown}
 B - 2 scrolls of enchant weapon {unknown}
 C - a scroll of amnesia {unknown}
Potions
 d - a potion of might
 i - 2 potions of resistance {unknown}
 k - a potion of brilliance {unknown}
 l - 2 potions of ambrosia {unknown}
 m - a potion of lignification {unknown}
 o - 2 potions of curing
 r - 2 potions of magic {unknown}
 s - 3 potions of mutation {unknown}
 t - 2 potions of invisibility {unknown}
Books
 E - a book of Frost

   Spells                             Type                      Level
   a - Freeze                         Ice                          1
   b - Throw Frost                    Conjuration/Ice              2
   c - Ozocubu's Armour               Charms/Ice                   3
   d - Throw Icicle                   Conjuration/Ice              4
   e - Summon Ice Beast               Ice/Summoning                4
Comestibles
 f - 3 bread rations
 h - a royal jelly
 n - 7 fruits
 q - 4 meat rations
 D - a chunk of flesh


   Skills:
 + Level 5.5 Fighting
 + Level 4.3 Maces & Flails
 + Level 5.3 Armour
 - Level 4.5 Dodging
 - Level 3.2 Shields
 * Level 1.5 Conjurations


You had 3 spell levels left.
You knew the following spells:

 Your Spells              Type           Power        Failure   Level  Hunger
a - Throw Icicle          Conj/Ice       #.......     100%        4    #####..


Dungeon Overview and Level Annotations

Branches:
Dungeon (5/15)
 Temple: D:4-7

Altars:


Innate Abilities, Weirdness & Mutations

You are resistant to torment.
Your stone body is resilient. (AC +5)
You are immune to poison.
You resist negative energy. (rN+)
You are resistant to electric shocks. (rElec)
You can survive without breathing.
You are immune to petrification.
You are immune to rotting.


Message History

Found a ring mail.
An ogre comes into view. It is wielding a giant club.
The ogre shouts!
Found 10 gold pieces.
There is a fountain of sparkling water here.
You barely miss the ogre. You block the ogre's attack.
Your shield and plate armour prevent you from hitting the ogre.
The ogre hits you with a giant club!
* * * LOW HITPOINT WARNING * * *
You sock the ogre!
The ogre is heavily wounded.
The ogre hits you with a giant club!
* * * LOW HITPOINT WARNING * * *
You hit the ogre.
The ogre is severely wounded.
You block the ogre's attack.
You hit the ogre but do no damage.
The ogre is severely wounded.
The ogre hits you with a giant club!
You die...

#.###. .⌠ #. $.. #.
#####.##### #. ..#...#..
#. ...⌠... #. #...# ##
######O## ### #.#
###...#..@#.[.# #.#
#...⌠...⌠...⌠.# #.#
#.#...#...#...#### #.# ##
#.#############..# ##.###.
#.# #.# ##.###...##. #.#
###.### #.......... #.#
#.....# #.###...##.
#.######.....###.####.###.
#...................^.# ##


You could see an ogre.

Vanquished Creatures
  Grinder (D:3)
  The ghost of MovingMist the Pure, an amateur DsAK of Lugonu (D:4)
  The ghost of lysyklops the Firebug, an amateur DrFE of Qazlal (D:3)
  Menkaure (D:5)
  2 ogres (D:4)
  A howler monkey (D:4)
  A jelly (D:4)
  An iguana (D:4)
  5 adders
  An ooze (D:1)
  3 worms (D:2)
  2 dart slugs
  2 leopard geckos
  2 orcs
  6 bats
  3 giant cockroaches
  4 goblins
  16 hobgoblins
  4 kobolds
  A quokka (D:3)
  A ball python (D:4)
  8 frilled lizards
  A jackal skeleton (D:5)
  7 rats
75 creatures vanquished.

Notes
Turn   | Place    | Note
-------+----------+-------------------------------------------
     0 | D:1      | MovingMist the Gargoyle Fighter began the quest for the Orb.
     0 | D:1      | Reached XP level 1. HP: 14/14 MP: 1/1
   120 | D:1      | Reached XP level 2. HP: 17/19 MP: 2/2
   289 | D:1      | Reached skill level 1 in Dodging
   335 | D:1      | Reached XP level 3. HP: 17/23 MP: 3/3
   676 | D:2      | Reached XP level 4. HP: 27/28 MP: 4/4
  1230 | D:3      | Noticed an ogre
  1301 | D:3      | Noticed lysyklops's ghost (amateur DrFE)
  1351 | D:3      | Killed lysyklops's ghost
  1351 | D:3      | Reached XP level 5. HP: 24/33 MP: 5/5
  1399 | D:3      | Reached XP level 6. HP: 31/38 MP: 6/6
  1430 | D:3      | Noticed Grinder
  1436 | D:3      | Paralysed by Grinder for 5 turns
  1453 | D:3      | Killed Grinder
  1841 | D:4      | Reached XP level 7. HP: 40/44 MP: 7/7
  2026 | D:4      | Reached skill level 5 in Fighting
  2070 | D:4      | Noticed MovingMist's ghost (amateur DsAK)
  2100 | D:4      | Killed MovingMist's ghost
  2159 | D:4      | Reached skill level 5 in Armour
  2873 | D:5      | Entered Level 5 of the Dungeon
  2907 | D:5      | Learned a level 4 spell: Throw Icicle
  3099 | D:5      | Noticed Menkaure
  3116 | D:5      | Killed Menkaure
  3116 | D:5      | Reached skill level 1 in Conjurations
  3116 | D:5      | Reached XP level 8. HP: 23/50 MP: 8/8
  3156 | D:5      | Mangled by an ogre

Skill      XL: |  1  2  3  4  5  6  7 |
---------------+----------------------+-----
Dodging        | 1 2 3 4 |  4.5
Fighting       | 4 5 |  5.5
Maces & Flails | 3 4 |  4.3
Armour         | 4 5 |  5.3
Conjurations   | 1 |  1.5
Shields        | |  3.2

Action                   |  1- 3 |  4- 6 |  7- 9 || total
-------------------------+-------+-------+-------++-------
Melee: Flail             |   118 |   172 |    98 ||   388
  Use: Scroll            |       |       |     2 ||     2
  Eat: Chunk             |       |     3 |     5 ||     8
Armor: Scale mail        |    79 |    46 |       ||   125
       Plate armour      |       |    45 |    43 ||    88
Dodge: Dodged            |    50 |    43 |    20 ||   113
Block: Shield            |    86 |    74 |    45 ||   205
